 Dungeon Crawl Stone Soup version 0.22-a0-49-g614aadd (webtiles) character file.

1 KristoblXynda the Sneak (level 1, 0/9 HPs)
             Began as a Spriggan Enchanter on Jan 8, 2018.
             Slain by a frilled lizard (1 damage)
             ... on level 1 of the Dungeon.
             The game lasted 00:01:50 (74 turns).

KristoblXynda the Sneak (Spriggan Enchanter)          Turns: 74, Time: 00:01:51

Health: 0/9        AC:  2    Str:  4    XL:     1   Next: 16%
Magic:  5/5        EV: 18    Int: 16    God:
Gold:   9          SH:  0    Dex: 16    Spells: 4/5 levels left

rFire    . . .     SeeInvis +   a - +1 dagger
rCold    . . .     Gourm    .   (shield restricted)
rNeg     . . .     Faith    .   b - +0 robe
rPois    .         Spirit   .   (helmet restricted)
rElec    .         Reflect  .   (no cloak)
rCorr    .         Harm     .   (gloves unavailable)
MR       .....                  (boots unavailable)
Stlth    +++.......             (no amulet)
HPRegen  0.03/turn              (no ring)
MPRegen  0.09/turn              (no ring)

@: very quick
A: very small, unfitting armour, see invisible, herbivore, speed 3, slow
metabolism 2
a: no special abilities


You were on level 1 of the Dungeon.
You were not hungry.

You visited 1 branch of the dungeon, and saw 1 of its levels.

You collected 9 gold pieces.

Inventory:

Hand Weapons
 a - a +1 dagger (weapon)
Armour
 b - a +0 robe (worn)
Books
 c - a book of Maledictions

   Spells                             Type                      Level
   a - Corona                         Hexes                        1
   b - Ensorcelled Hibernation        Hexes/Ice                    2
   c - Confuse                        Hexes                        3
   d - Tukima's Dance                 Hexes                        3
   e - Dazzling Spray                 Conjuration/Hexes            3
Comestibles
 d - 2 rations


   Skills:
 - Level 1.1 Short Blades
 - Level 3.0 Dodging
 + Level 4.4 Stealth
 + Level 2.7 Spellcasting
 + Level 3.6 Hexes


You had 4 spell levels left.
You knew the following spells:

 Your Spells              Type           Power        Failure   Level  Hunger
a - Corona                Hex            ##.....      4%          1    #......


Dungeon Overview and Level Annotations

Branches:
Dungeon (1/15)

Altars:


Innate Abilities, Weirdness & Mutations

You are very small and have problems with some larger weapons.
You are too small for most types of armour.
You have supernaturally acute eyesight. (SInv)
You are a herbivore.
You cover ground extremely quickly.
You need consume almost no food.


Message History

A rat comes into view.
The frilled lizard misses you.
A goblin comes into view. It is wielding a dagger.
You see here a pair of boots.
A kobold comes into view. It is wielding a dagger.
Found 17 stones.
A dart slug comes into view.
Found 6 gold pieces. 2 jackals come into view.
The jackal barks!
The goblin shouts!
Found a scroll labeled ILONLA IQISTIP.
A frilled lizard, a bat and a jackal come into view.
The frilled lizard moves out of view.
Your magical contamination has completely faded away.
A leopard gecko and a goblin come into view.
The frilled lizard bites you.
* * * LOW HITPOINT WARNING * * *
Found 5 gold pieces.
The frilled lizard bites you.
You die...

##.....#...
##........... ####
#............ ....##
#.....r......
#..?#######............
#..h#................
#..w.g##............
####.###.[##g.@.h......
###....#
##..##l...h#h..
h..h####
##..##bg...g..# #.[##
##l....K.....# ####
###.........#
##....$...# #.......$#
#..w(....# #......l.#


You could see a dart slug, 3 jackals, a hobgoblin, 2 goblins, a bat, a kobold
(wandering), a frilled lizard and a rat.

Vanquished Creatures
  A jackal (D:1)
1 creature vanquished.

Notes
Turn   | Place    | Note
-------+----------+-------------------------------------------
     0 | D:1      | KristoblXynda the Spriggan Enchanter began the quest for the Orb.
     0 | D:1      | Reached XP level 1. HP: 9/9 MP: 5/5
    74 | D:1      | Slain by a frilled lizard

Vault maps used:
D:1:      lightli_arrival_flooded_house, minmay_pentomino_o2

Action                   || total
-------------------------++-------
Melee: Dagger            ||     9
 Stab: Sleeping          ||     1
Armor: Robe              ||     3
Dodge: Dodged            ||     9

Table legend:
 A = Spawn XP
 B = Non-spawn XP
 C = Spawn XP percentage of total XP
 D = Spawn monster count
 E = Non-spawn monster count
 F = Spawn count percentage of total count
 G = Total turns spent on level
                    A         B        C        D         E        F      G
               +---------+---------+-------+---------+---------+-------+---------
         Total |       0 |       2 |   0.0 |       0 |       1 |   0.0 |    74
               +---------+---------+-------+---------+---------+-------+---------
           D:1 |       0 |       2 |   0.0 |       0 |       1 |   0.0 |    74
               +---------+---------+-------+---------+---------+-------+---------
